 Dungeon Crawl Stone Soup version 0.19.1-1-g22dce08 (webtiles) character file.

1600 dvd the Tainter (level 8, -10/45 HPs)
             Began as an Octopode Venom Mage on Dec 30, 2016.
             Mangled by a wyvern skeleton (16 damage)
             ... on level 6 of the Dungeon.
             The game lasted 00:23:13 (6422 turns).

dvd the Tainter (Octopode Venom Mage)               Turns: 6422, Time: 00:23:13

Health: -10/45     AC:  2    Str:  6    XL:     8   Next: 94%
Magic:  25/25      EV: 14    Int: 19    God:    Xom [.*....]
Gold:   314        SH:  0    Dex: 13    Spells: 3 memorised, 11 levels left

rFire  . . .     SeeInvis +     a - +2 rapier
rCold  + . .     Gourm    .     (no shield)
rNeg   . . .     Faith    .     (helmet restricted)
rPois  .         Spirit   .     (no amulet)
rElec  .         Reflect  .     r - +3 ring of dexterity
rCorr  .         Harm     .     y - ring of magical power
MR     +....                    F - ring of the Blue Skies {rC+ MR+ SInv}
Stlth  ++++......               (no ring)
                                (no ring)
                                (no ring)
                                (no ring)
                                (no ring)

@: no status effects
A: almost no armour, stealthy swim, amphibious, 8 rings, constrict 8, camouflage
1, blurry vision 1, clumsy 1, frail 1, screaming 1, shaggy fur 1, slow
regeneration 1, weak 1, gelatinous body 1
a: Renounce Religion


You were on level 6 of the Dungeon.
You worshipped Xom.
You were a plaything of Xom.
You were not hungry.

You visited 1 branch of the dungeon, and saw 6 of its levels.
You also visited: Sewer.

You collected 314 gold pieces.

Inventory:

Hand Weapons
 a - a +2 rapier (weapon)
 h - a +0 war axe
 i - a +0 spear
 k - a +2 whip of pain
 o - a +0 hand axe
 q - a +0 dagger
 C - a +0 dagger
Missiles
 m - 3 tomahawks (quivered)
Jewellery
 r - a +3 ring of dexterity (left tentacle)
 y - a ring of magical power (right tentacle)
 F - the ring of the Blue Skies (on tentacle) {rC+ MR+ SInv}
   (You found it on level 5 of the Dungeon)

   [ring of protection from cold]

   It protects you from cold.
   It affects your resistance to hostile enchantments.
   It lets you see invisible.
Wands
 B - a wand of slowing (35/48)
Scrolls
 c - 6 scrolls of identify
 e - 2 scrolls of random uselessness {unknown}
 n - 3 scrolls of teleportation {unknown}
 s - 4 scrolls of magic mapping {unknown}
 u - 3 scrolls of remove curse
 v - a scroll of fear {unknown}
 w - a scroll of amnesia {unknown}
 z - 2 scrolls of enchant armour {unknown}
 I - a scroll of fog
Potions
 j - 2 potions of lignification
 l - a potion of cure mutation {unknown}
 p - 6 potions of curing
 t - 3 potions of brilliance {unknown}
 x - 4 potions of heal wounds {unknown}
 D - a potion of flight {unknown}
 E - 2 potions of agility {unknown}
 H - a potion of degeneration {unknown}
Books
 d - a Young Poisoner's Handbook

   Spells                             Type                      Level
   a - Sting                          Conjuration/Poison           1
   b - Mephitic Cloud                 Conjuration/Poison/Air       3
   c - Olgreb's Toxic Radiance        Poison                       4
   d - Alistair's Intoxication        Transmutation/Poison         5
   e - Venom Bolt                     Conjuration/Poison           5
 A - a book of Dreams

   Spells                             Type                      Level
   a - Ensorcelled Hibernation        Hexes/Ice                    2
   b - Silence                        Hexes/Air                    5
   c - Darkness                       Hexes                        6
   d - Shadow Creatures               Summoning                    6
Comestibles
 b - 4 bread rations
 f - 4 fruits
 g - 2 meat rations
 G - 14 royal jellies


   Skills:
 + Level 2.4 Fighting
 + Level 4.0 Short Blades
 + Level 3.0 Dodging
 + Level 5.2 Stealth
 + Level 5.7 Spellcasting
 + Level 3.1 Conjurations
 + Level 8.3 Poison Magic


You had 11 spell levels left.
You knew the following spells:

 Your Spells              Type           Power        Failure   Level  Hunger
a - Sting                 Conj/Pois      ####         1%          1    None
b - Olgreb's Toxic Radia  Pois           #####...     4%          4    ####...
c - Ensorcelled Hibernat  Hex/Ice        #.....       21%         2    None


Dungeon Overview and Level Annotations

Branches:
Dungeon (6/15)
 Temple: D:4-7

Altars:
Fedhas
Gozag
Xom

Annotations:
D:4 dvd's ghost, amateur OpVM


Innate Abilities, Weirdness & Mutations

You cannot wear most types of armour.
You are very stealthy in the water. (Stealth+)
You are amphibious.
You can wear up to eight rings at the same time.
You can use your tentacles to constrict eight enemies at once.
Your skin changes colour to match your surroundings (Stealth+).
Your rubbery body absorbs attacks. (AC +1, EV +1)
Scrolls take you a little longer to read.
You are clumsy. (Dex -2)
You are frail. (-10% HP)
You occasionally shout uncontrollably at your foes.
You are covered in fur. (AC +1)
You regenerate slowly when monsters are visible.
You are weak. (Str -2)


Message History

The wyvern skeleton bites you!
You hit the wyvern skeleton. You squeeze the wyvern skeleton!
The wyvern skeleton is heavily damaged.
The wyvern skeleton bites you! The wyvern skeleton misses you.
You puncture the wyvern skeleton!
The wyvern skeleton is severely damaged.
The wyvern skeleton bites you!
* * * LOW HITPOINT WARNING * * *
Unknown command.
You feel better. The wyvern skeleton bites you!
* * * LOW HITPOINT WARNING * * *
You barely miss the wyvern skeleton.
The wyvern skeleton is severely damaged.
The wyvern skeleton barely misses you. The wyvern skeleton bites you.
* * * LOW HITPOINT WARNING * * *
You barely miss the wyvern skeleton.
The wyvern skeleton is severely damaged.
The wyvern skeleton bites you!
You die...
Xom bursts into laughter!

#.#.# #.#.#
#.#.# #.#.#
#.#.# #.#.# #
#.#.# ...
#.#.####..###
#....@Z......
########.....
###


You could see a wyvern skeleton.

Vanquished Creatures
  A sky beast (D:5)
  An orc warrior (D:5)
  An ice beast (D:5)
  A centaur (D:5)
  4 big kobolds (Sewer)
  2 scorpions (D:4)
  4 orc priests
  2 hounds
  A jelly (D:6)
  3 orc wizards
  2 bullfrog skeletons
  Jessica (D:2)
  2 iguanas (D:5)
  A worker ant (D:5)
  7 gnolls
  10 adders
  7 river rats
  A shadow imp (D:5)
  An adder zombie (D:5)
  2 adder skeletons
  2 worms
  2 dart slugs
  6 leopard geckos
  23 orcs
  6 bats
  17 giant cockroaches
  7 goblins
  3 hobgoblins
  3 jackals (D:3)
  3 quokkas
  4 ball pythons
  4 frilled lizards
  2 jackal skeletons
  20 kobolds
  A quokka skeleton (D:4)
  29 rats
186 creatures vanquished.

Notes
Turn   | Place    | Note
-------+----------+-------------------------------------------
     0 | D:1      | dvd the Octopode Venom Mage began the quest for the Orb.
     0 | D:1      | Reached XP level 1. HP: 11/11 MP: 3/3
    43 | D:1      | Reached skill level 5 in Poison Magic
   162 | D:1      | Reached XP level 2. HP: 15/17 MP: 0/5
   622 | D:2      | Reached XP level 3. HP: 11/21 MP: 0/6
   948 | D:2      | Noticed Jessica
   951 | D:2      | Killed Jessica
   951 | D:2      | Reached skill level 6 in Poison Magic
   951 | D:2      | Reached XP level 4. HP: 27/27 MP: 3/7
   961 | D:2      | Learned a level 4 spell: Olgreb's Toxic Radiance
  1451 | D:2      | Found a blossoming altar of Fedhas.
  1487 | D:2      | Found a faded altar of an unknown god.
  1501 | D:2      | Became a worshipper of The Xom-Meister, Xom-Xom-bo-Bom, Banana-Fana-fo-Fom
  1632 | D:2      | XOM: harmless Hex miscast
  1881 | D:3      | Reached XP level 5. HP: 23/31 MP: 8/8
  1888 | D:3      | XOM: potion effect (heal wounds)
  2012 | D:3      | Reached skill level 1 in Conjurations
  2246 | D:3      | Reached skill level 1 in Short Blades
  2246 | D:3      | XOM: harmless Erth miscast
  2423 | D:3      | XOM: mild Erth miscast
  2537 | D:3      | XOM: divination: detect creatures
  2793 | D:4      | Found an opulent altar of Gozag.
  2983 | D:4      | XOM: mild Erth miscast
  3062 | D:4      | XOM: smoke on damage
  3214 | D:4      | Reached XP level 6. HP: 32/37 MP: 10/10
  3278 | D:4      | Reached skill level 1 in Fighting
  3615 | D:4      | HP: 1/38 [poisoned by a scorpion]
  3899 | D:4      | Noticed dvd's ghost (amateur OpVM)
  3916 | D:5      | XOM: noise
  3916 | D:5      | Entered Level 5 of the Dungeon
  3920 | D:5      | Noticed an ice beast
  3923 | D:5      | XOM: divination: detect creatures
  3927 | D:5      | XOM: enchant monster (good)
  3927 | D:5      | Reached XP level 7. HP: 20/43 MP: 12/12
  3937 | D:5      | XOM: swap monsters
  3939 | D:5      | XOM: harmless Hex miscast
  3945 | D:5      | XOM: god gift: battleaxe {god gift}
  3946 | D:5      | XOM: potion effect (brilliance)
  3947 | D:5      | XOM: confuse monster(s)
  4022 | D:5      | XOM: summons 1 hostile demon
  4108 | D:5      | Reached skill level 7 in Poison Magic
  4139 | D:5      | XOM is BORED!
  4139 | D:5      | XOM: mild Hex miscast
  4206 | D:5      | Found a glowing drain.
  4267 | Sewer    | Entered a sewer
  4318 | Sewer    | XOM: noise
  4534 | Sewer    | XOM: mild Tloc miscast
  4596 | Sewer    | XOM: stat loss: -1 Dex (13/15)
  4730 | Sewer    | Reached skill level 5 in Stealth
  4730 | Sewer    | Reached XP level 8. HP: 50/50 MP: 14/14
  4806 | Sewer    | XOM: enchant monster (good)
  4947 | Sewer    | XOM: god gift: 57 gold pieces
  5046 | Sewer    | XOM: god gift: book of Dreams
  5051 | Sewer    | Learned a level 2 spell: Ensorcelled Hibernation
  5063 | Sewer    | XOM: give mutation
  5063 | Sewer    | Gained mutation: You are covered in fur. (AC +1) [Xom's grace]
  5234 | D:5      | XOM: god gift: 14 royal jellies
  5364 | D:5      | XOM: divination: detect items
  5400 | D:5      | XOM: 5-stop teleportation journey
  5593 | D:5      | XOM: give mutations
  5593 | D:5      | Gained mutation: You occasionally shout uncontrollably at your foes. [Xom's mischief]
  5593 | D:5      | Gained mutation: You are frail. (-10% HP) [Xom's mischief]
  5593 | D:5      | Gained mutation: You are clumsy. (Dex -2) [Xom's mischief]
  5599 | D:5      | Reached skill level 5 in Spellcasting
  5821 | D:5      | Reached skill level 8 in Poison Magic
  5892 | D:5      | XOM is BORED!
  5892 | D:5      | XOM: give mutations
  5892 | D:5      | Gained mutation: You are weak. (Str -2) [Xom's mischief]
  5892 | D:5      | Gained mutation: Scrolls take you a little longer to read. [Xom's mischief]
  5892 | D:5      | Gained mutation: You regenerate slowly when monsters are visible. [Xom's mischief]
  5916 | D:5      | Got a sparkling jade ring
  5917 | D:5      | Identified the ring of the Blue Skies {rC+ MR+ SInv} (You found it on level 5 of the Dungeon)
  6148 | D:6      | XOM: silly message
  6422 | D:6      | Mangled by a wyvern skeleton

Skill      XL: |  1  2  3  4  5  6  7  8 |
---------------+-------------------------+-----
Poison Magic   | 5 6 7 8 |  8.3
Stealth        | 3 4 5 |  5.2
Conjurations   | 1 2 3 |  3.1
Short Blades   | 1 2 4 |  4.0
Fighting       | 1 2 |  2.4
Spellcasting   | 3 4 5 |  5.7
Dodging        | 3 |  3.0

Action                   |  1- 3 |  4- 6 |  7- 9 || total
-------------------------+-------+-------+-------++-------
Melee: Dagger            |    11 |    14 |       ||    25
       Constrict         |     1 |    31 |    18 ||    50
       Tentacles         |     1 |    12 |    17 ||    30
       Rapier            |       |    89 |    93 ||   182
 Cast: Sting             |    31 |    57 |    56 ||   144
       Olgreb's Toxic Ra |       |     7 |    29 ||    36
       Ensorcelled Hiber |       |       |     2 ||     2
  Use: Scroll            |       |     5 |     1 ||     6
       Potion            |       |       |     2 ||     2
 Stab: Sleeping          |     3 |     7 |     5 ||    15
       Confused          |       |       |     2 ||     2
       Petrified         |       |       |     2 ||     2
  Eat: Chunk             |       |    10 |    15 ||    25
Armor: Skin              |     2 |     8 |     1 ||    11
Dodge: Dodged            |    10 |    75 |    49 ||   134
